[Event "Tuesday Night Engine Tour 9 rd Swiss 7m+2s Starts at 2200hrs ST"]
[Site "Infinity Chess"]
[Date "2018.4.24"]
[Round "3"]
[White "Victorious"]
[Black "blindfoldchess"]
[Result "1/2-1/2"]
[ECO "C55"]
[WhiteElo "2500"]
[BlackElo "2485"]
[WhiteEngine "CFish_210418_x64_N_pop_LTO_730mingw"]
[BlackEngine "Cryptic Heroes 9.4B"]
[EventType "Swiss"]
[WhiteTeam ""]
[BlackTeam ""]
[PlyCount "134"]
[TimeControl "420+2"]

1. e4 e5 2. Nf3 Nc6 3. Bc4 Nf6 4. d3 Be7 5. O-O d6 6. a3 O-O 7. Nc3 Bg4 
8. h3 Bxf3 9. Qxf3 Nd4 10. Qd1 c6 11. Ba2 Ne6 12. Ne2 d5 13. exd5 cxd5 
14. Re1 Qd7 15. d4 e4 16. c4 dxc4 17. Bxc4 Rac8 18. Ba2 h6 19. Be3 Rfe8 
20. Nc3 Bd6 21. Bb1 Nc7 22. Bd2 Nb5 23. Nxe4 Nxe4 24. Bxe4 Nxd4 25. Rc1 Rcd8 
26. Bc3 Nb5 27. Qf3 Nxc3 28. Rxc3 b6 29. Rcc1 Re5 30. Red1 g6 31. g4 Qe6 
32. Bc2 Qe7 33. Bb3 Kg7 34. Kg2 Re4 35. Rc6 Rf4 36. Qe3 Qxe3 37. fxe3 Rf6 
38. a4 Be5 39. Rxf6 Bxf6 40. Rxd8 Bxd8 41. Bc4 f5 42. gxf5 gxf5 43. b3 a5 
44. Bb5 Bf6 45. Bd3 Kg6 46. Bc4 Kg5 47. Kf3 Kg6 48. Kf4 h5 49. Be2 Bd8 
50. Bd3 Bg5+ 51. Kf3 Kf6 52. e4 f4 53. Bf1 Ke5 54. Bb5 h4 55. Bd7 Bf6 
56. Bc6 Bg5 57. Kg4 Be7 58. Kf3 Bc5 59. Bd5 Be7 60. Kg2 Bg5 61. Kf3 Be7 
62. Kg2 Bc5 63. Kf3 Be3 64. Kg4 Bc5 65. Bc6 Be7 66. Bb7 Bd8 67. Bc6 Be7 1/2-1/2

[Event "Tuesday Night Engine Tour 9 rd Swiss 7m+2s Starts at 2200hrs ST"]
[Site "Infinity Chess"]
[Date "2018.4.24"]
[Round "3"]
[White "juggernaut"]
[Black "firestar"]
[Result "1/2-1/2 "]
[ECO "D30"]
[WhiteElo "2485"]
[BlackElo "2448"]
[WhiteEngine "Cryptic Heroes 9.4B"]
[BlackEngine "Cryptic Heroes 9.4B"]
[EventType "Swiss"]
[WhiteTeam ""]
[BlackTeam ""]
[PlyCount "185"]
[TimeControl "420+2"]

1. d4 d5 2. c4 e6 3. Nf3 Be7 4. Bf4 Nf6 5. cxd5 exd5 6. h3 Bf5 7. Nc3 c6 
8. e3 Nbd7 9. g4 Bg6 10. Nh4 O-O 11. Nxg6 fxg6 12. Bg2 Nb6 13. O-O Nc4 
14. b3 Nb6 15. f3 Bd6 16. Bxd6 Qxd6 17. Qd2 Nfd7 18. Rad1 Rad8 19. Ne2 Rde8 
20. Rfe1 Qe7 21. Nc1 Qh4 22. Nd3 Na8 23. Qf2 Qe7 24. f4 Nc7 25. g5 Nb5 
26. Bf3 Nd6 27. Bg4 a5 28. Qc2 Ra8 29. a4 Rae8 30. Kg2 Ra8 31. Re2 Qe4+ 
32. Kh2 Qe7 33. Rde1 Kh8 34. Rg2 Nf5 35. Rge2 Nd6 36. h4 Rad8 37. Qd2 Ra8 
38. Rg2 Ne4 39. Qc2 Rad8 40. Rc1 Kg8 41. Qe2 Nd6 42. Rg3 Nf5 43. Rh3 h5 
44. gxh6 gxh6 45. Rg1 Kh7 46. Qd2 Rde8 47. Ne5 Nxe5 48. dxe5 h5 49. Bxf5 Rxf5 
50. Qd3 Ref8 51. Qd4 Rg8 52. Qd3 Rg7 53. Rg2 Rgf7 54. Rc2 Qd8 55. Qd4 Rg7 
56. Rf2 Rgf7 57. Rc2 Rd7 58. Kg1 Rg7 59. Kh2 Qe7 60. Qd3 Qd8 61. Qd4 Rg8 
62. Kg2 Rg7 63. Rf2 Rg8 64. Kf1 Qd7 65. Kg2 Rgf8 66. Rd2 Qc7 67. Kh2 Qe7 
68. Qb6 Ra8 69. Kg2 Ra6 70. Qd4 Qd8 71. Qc3 Qe7 72. Rd4 Ra8 73. Rd1 Rg8 
74. Kh2 Rg7 75. Qc2 Rg8 76. Qc3 Qd8 77. Qd3 Rg7 78. Rf1 Rd7 79. Kg2 Rdf7 
80. Rd1 Qe7 81. Qc3 Rg7 82. Kh2 Qd8 83. Qd3 Qe7 84. Qc3 Qd8 85. Qd3 Rd7 
86. Rg1 Rg7 87. Rf1 Qe7 88. Qd4 Qd8 89. Rc1 Rg8 90. Rh1 Rg7 91. Rc1 Rg8 
92. Rg1 Rg7 93. Qd2 1/2-1/2

[Event "Tuesday Night Engine Tour 9 rd Swiss 7m+2s Starts at 2200hrs ST"]
[Site "Infinity Chess"]
[Date "2018.4.24"]
[Round "3"]
[White "quicksilver"]
[Black "draxlord"]
[Result "1/2-1/2"]
[ECO "C65"]
[WhiteElo "2501"]
[BlackElo "2514"]
[WhiteEngine "Cryptic Heroes 9.4B"]
[BlackEngine "Cryptic Heroes 9.4B"]
[EventType "Swiss"]
[WhiteTeam ""]
[BlackTeam ""]
[PlyCount "102"]
[TimeControl "420+2"]

1. e4 e5 2. Nf3 Nc6 3. Bb5 Nf6 4. O-O Nxe4 5. d4 Nd6 6. Bxc6 dxc6 7. dxe5 Nf5 
8. Qxd8+ Kxd8 9. Nc3 Bd7 10. b3 Kc8 11. h3 b6 12. Bb2 Be7 13. Ne4 Nh4 
14. Nfg5 h6 15. Nxf7 Re8 16. e6 Bxe6 17. Ne5 Kb7 18. Rae1 Bf5 19. Nd3 g5 
20. f3 Bg6 21. Rf2 a5 22. Rfe2 Bb4 23. Rd1 Be7 24. Rde1 a4 25. Nef2 Bf8 
26. Ne4 Be7 27. Nef2 Bf8 28. Ne4 Nf5 29. g4 Nh4 30. Kf2 axb3 31. axb3 Ra2 
32. Bf6 Bxe4 33. Rxe4 Rxc2+ 34. R4e2 Rcxe2+ 35. Rxe2 Rxe2+ 36. Kxe2 Ng6 
37. f4 Nxf4+ 38. Nxf4 gxf4 39. Kf3 c5 40. h4 b5 41. g5 hxg5 42. hxg5 Kb6 
43. Kxf4 Kc6 44. Kg4 Kd5 45. g6 b4 46. Kf5 c4 47. g7 Bxg7 48. bxc4+ Kxc4 
49. Bxg7 Kd3 50. Ke5 b3 51. Kd5 Kc2 1/2-1/2

[Event "Tuesday Night Engine Tour 9 rd Swiss 7m+2s Starts at 2200hrs ST"]
[Site "Infinity Chess"]
[Date "2018.4.24"]
[Round "3"]
[White "mcstar"]
[Black "ironchess"]
[Result "1/2-1/2"]
[ECO "E15"]
[WhiteElo "2514"]
[BlackElo "2501"]
[WhiteEngine "Cryptic Heroes 9.4B"]
[BlackEngine "Cryptic Heroes 9.4B"]
[EventType "Swiss"]
[WhiteTeam ""]
[BlackTeam ""]
[PlyCount "108"]
[TimeControl "420+2"]

1. d4 Nf6 2. c4 e6 3. Nf3 b6 4. g3 Ba6 5. Qa4 c5 6. Bg2 Bb7 7. O-O Be7 
8. Nc3 O-O 9. Bf4 cxd4 10. Nxd4 Bxg2 11. Kxg2 a6 12. Rfd1 Qc8 13. e4 Qb7 
14. Qc2 d6 15. Nb3 Rd8 16. Qe2 Nc6 17. Rac1 h6 18. f3 Rac8 19. h3 Rd7 
20. Nd2 Rdc7 21. b3 Ne5 22. a4 Rd8 23. Nf1 Nfd7 24. Rb1 Nc5 25. Bd2 Nc6 
26. Be1 Bf6 27. b4 Nd7 28. Ne3 Rdc8 29. b5 Nd4 30. bxa6 Qxa6 31. Qf2 Rxc4 
32. Nxc4 Rxc4 33. h4 Nc5 34. Nb5 Qxa4 35. Nxd4 Bxd4 36. Qe2 Nb3 37. Kf1 b5 
38. Qd3 Nc5 39. Qe2 Nd7 40. Kg2 Ne5 41. Rd2 Qa6 42. f4 Nd7 43. Rc2 Nb6 
44. Rxc4 Nxc4 45. Bf2 e5 46. h5 Qc6 47. Bxd4 exd4 48. Qd3 Qa6 49. Kf2 Ne3 
50. Rxb5 Qa2+ 51. Ke1 Qa1+ 52. Kf2 Qa2+ 53. Ke1 Qa1+ 54. Kf2 Qa2+ 1/2-1/2

[Event "Tuesday Night Engine Tour 9 rd Swiss 7m+2s Starts at 2200hrs ST"]
[Site "Infinity Chess"]
[Date "2018.4.24"]
[Round "3"]
[White "stormbreaker990"]
[Black "star99"]
[Result "1/2-1/2"]
[ECO "B23"]
[WhiteElo "2501"]
[BlackElo "2462"]
[WhiteEngine "Cryptic Heroes 9.4B"]
[BlackEngine "Cryptic Heroes 9.4B"]
[EventType "Swiss"]
[WhiteTeam ""]
[BlackTeam ""]
[PlyCount "106"]
[TimeControl "420+2"]

1. e4 c5 2. Nc3 Nc6 3. Nge2 Nf6 4. d4 cxd4 5. Nxd4 e5 6. Ndb5 d6 7. Nd5 Nxd5 
8. exd5 Nb8 9. a4 Be7 10. Be2 O-O 11. O-O Nd7 12. Bd2 Nf6 13. Be3 a6 14. Na3 Rb8 
15. b4 b6 16. Nc4 Ne4 17. Ra3 a5 18. bxa5 bxa5 19. f3 Nf6 20. Qd2 Rb4 
21. Rb3 Rxa4 22. c3 Nd7 23. Nb6 Nxb6 24. Bxb6 Bg5 25. Bxd8 Bxd2 26. Be7 Bf5 
27. g4 Bg6 28. Bxd6 Ra8 29. Bxe5 Ra2 30. Bc4 h5 31. gxh5 Be3+ 32. Kh1 Bf5 
33. Re1 Bh3 34. Rb8+ Rxb8 35. Bxa2 Rb2 36. Rxe3 Rxa2 37. Kg1 Rg2+ 38. Kf1 Rd2+ 
39. Ke1 Rxd5 40. f4 f6 41. Bxf6 gxf6 42. Rxh3 a4 43. c4 Rc5 44. f5 a3 
45. Rxa3 Rxc4 46. h3 Rc1+ 47. Kd2 Rf1 48. h4 Rxf5 49. h6 Kh7 50. h5 Rxh5 
51. Ke1 Kxh6 52. Kf2 Kg6 53. Ra1 Rh3 1/2-1/2

[Event "Tuesday Night Engine Tour 9 rd Swiss 7m+2s Starts at 2200hrs ST"]
[Site "Infinity Chess"]
[Date "2018.4.24"]
[Round "3"]
[White "Dovahkiin"]
[Black "MarioDeMonti"]
[Result "1/2-1/2"]
[ECO "C55"]
[WhiteElo "2460"]
[BlackElo "2497"]
[WhiteEngine "BrainFish_180423_x64_modern_CTG"]
[BlackEngine "stockfish_x64_bmi2_2018_02_18_CTG"]
[EventType "Swiss"]
[WhiteTeam ""]
[BlackTeam ""]
[PlyCount "74"]
[TimeControl "420+2"]

1. e4 e5 2. Nf3 Nc6 3. Bc4 Nf6 4. d3 Bc5 5. O-O d6 6. c3 O-O 7. Bg5 h6 8. Bh4 a6 
9. Bb3 g5 10. Bg3 Ba7 11. Nbd2 Na5 12. Bc2 Nh5 13. b4 Nxg3 14. hxg3 Nc6 
15. Nc4 g4 16. Nh4 Qg5 17. Qe2 f5 18. exf5 Bxf5 19. Nxf5 Rxf5 20. d4 Rf7 
21. dxe5 Re8 22. e6 Rf6 23. Ne3 Rxf2 24. Rxf2 Bxe3 25. Qd3 Bxf2+ 26. Kxf2 Kf8 
27. Kg1 Rxe6 28. Qh7 Ne7 29. Qh8+ Ng8 30. Bb3 d5 31. Bxd5 Re5 32. Rf1+ Ke7 
33. Qxg8 Qe3+ 34. Rf2 Qc1+ 35. Rf1 Qe3+ 36. Rf2 Qe1+ 37. Rf1 Qe3+ 1/2-1/2

[Event "Tuesday Night Engine Tour 9 rd Swiss 7m+2s Starts at 2200hrs ST"]
[Site "Infinity Chess"]
[Date "2018.4.24"]
[Round "3"]
[White "TasicV"]
[Black "Thinker"]
[Result "1/2-1/2"]
[ECO "C50"]
[WhiteElo "2479"]
[BlackElo "2484"]
[WhiteEngine "stockfish_18041408_x64_modern_CTG"]
[BlackEngine "BrainFish_180418_x64_modern_CTG"]
[EventType "Swiss"]
[WhiteTeam ""]
[BlackTeam ""]
[PlyCount "101"]
[TimeControl "420+2"]

1. e4 e5 2. Nf3 Nc6 3. Bc4 Bc5 4. d3 Nf6 5. c3 O-O 6. O-O d6 7. Bg5 h6 8. Bh4 g5 
9. Bg3 a6 10. a4 Ba7 11. Nbd2 Nh7 12. h3 h5 13. Kh1 Kh8 14. b4 g4 15. Nh4 Qg5 
16. b5 Ne7 17. d4 exd4 18. cxd4 Qh6 19. e5 d5 20. Bd3 Bxd4 21. Rc1 c6 
22. Nb3 Ba7 23. bxa6 bxa6 24. Rg1 Rg8 25. e6 Bxe6 26. Be5+ f6 27. Bd4 gxh3 
28. g3 Bg4 29. Qc2 Bxd4 30. Nxd4 Nf8 31. Rge1 Nfg6 32. Rb1 c5 33. Qxc5 Qd2 
34. Qc2 Qxc2 35. Bxc2 Ra7 36. Nxg6+ Nxg6 37. f3 Bd7 38. Rb6 Kg7 39. Bf5 Re8 
40. Reb1 Rc8 41. Bxd7 Rxd7 42. Rxa6 Ne5 43. Rbb6 Rc4 44. Nf5+ Kh7 45. Rxf6 Nxf3 
46. Rh6+ Kg8 47. Rag6+ Kf8 48. Rf6+ Kg8 49. Rfg6+ Kf8 50. Rf6+ Kg8 51. Rfg6+ 
1/2-1/2

[Event "Tuesday Night Engine Tour 9 rd Swiss 7m+2s Starts at 2200hrs ST"]
[Site "Infinity Chess"]
[Date "2018.4.24"]
[Round "3"]
[White "Seliga"]
[Black "Deep_Impact"]
[Result "1/2-1/2"]
[ECO "A06"]
[WhiteElo "2494"]
[BlackElo "2501"]
[WhiteEngine "SF9 ''A23''_CTG"]
[BlackEngine "BrainFish_180411_x64_bmi2"]
[EventType "Swiss"]
[WhiteTeam ""]
[BlackTeam ""]
[PlyCount "67"]
[TimeControl "420+2"]

1. Nf3 d5 2. d4 Nf6 3. e3 e6 4. c4 b6 5. a3 Be7 6. cxd5 exd5 7. Bd3 O-O 
8. O-O Bb7 9. b4 Nbd7 10. Nc3 a6 11. Rb1 Bd6 12. a4 Ne4 13. Qc2 Qe7 14. b5 Nxc3 
15. Qxc3 axb5 16. axb5 Nf6 17. Qc2 Ne4 18. Bb2 Ra2 19. Ne5 g6 20. Ra1 Rfa8 
21. Rxa2 Rxa2 22. Qb3 Ra5 23. Rc1 Qh4 24. g3 Qe7 25. Bxe4 dxe4 26. Nc6 Bxc6 
27. Rxc6 Qd7 28. d5 Qf5 29. Qc4 Qf3 30. h3 Qd1+ 31. Kg2 Qf3+ 32. Kg1 Qd1+ 
33. Kg2 Qf3+ 34. Kg1 1/2-1/2

[Event "Tuesday Night Engine Tour 9 rd Swiss 7m+2s Starts at 2200hrs ST"]
[Site "Infinity Chess"]
[Date "2018.4.24"]
[Round "3"]
[White "Susanne"]
[Black "Vimtiroba"]
[Result "1-0"]
[ECO "C53"]
[WhiteElo "2614"]
[BlackElo "2505"]
[WhiteEngine "asmFishW_IX_bmi2_CTG"]
[BlackEngine "SF9 ''A24''_CTG"]
[EventType "Swiss"]
[WhiteTeam ""]
[BlackTeam ""]
[PlyCount "96"]
[TimeControl "420+2"]

1. e4 e5 2. Nf3 Nc6 3. Bc4 Bc5 4. c3 Nf6 5. d3 d6 6. O-O a5 7. Bg5 Ba7 8. Bh4 h6 
9. Na3 Qe7 10. Nc2 g5 11. Bg3 Bd7 12. Ne3 O-O-O 13. a3 Rdg8 14. b4 Qf8 
15. Qe2 Kb8 16. Rab1 h5 17. h4 gxh4 18. Bxh4 Rh6 19. Bb3 Rhg6 20. Kh1 Bxe3 
21. Qxe3 R8g7 22. b5 Ng4 23. bxc6 Nxe3 24. cxd7 f6 25. fxe3 Rxd7 26. Rf2 b6 
27. Be6 Rdg7 28. c4 Rg4 29. Ra1 Qe7 30. Bf5 Rg8 31. Rg1 Kb7 32. Kh2 Rf8 
33. Ra2 Ka7 34. g3 c6 35. a4 Rgg8 36. Nd2 Rb8 37. Nb1 Qf8 38. d4 Qe7 
39. Nc3 exd4 40. exd4 Ka6 41. Rf1 Rb7 42. Rf3 Rbb8 43. d5 cxd5 44. Nxd5 Qb7 
45. Bxf6 Qc6 46. Rc3 Rb7 47. Bd4 Rgb8 48. Rb2 Qxa4 1-0

[Event "Tuesday Night Engine Tour 9 rd Swiss 7m+2s Starts at 2200hrs ST"]
[Site "Infinity Chess"]
[Date "2018.4.24"]
[Round "3"]
[White "Murx"]
[Black "KRAKEN"]
[Result "1/2-1/2"]
[ECO "A05"]
[WhiteElo "2556"]
[BlackElo "2565"]
[WhiteEngine "asmFishW_2018-04-07_popcnt"]
[BlackEngine "Raubfisch ME262_GTZ17b2_CTG"]
[EventType "Swiss"]
[WhiteTeam ""]
[BlackTeam ""]
[PlyCount "98"]
[TimeControl "420+2"]

1. Nf3 Nf6 2. d4 d5 3. e3 e6 4. Bd3 b6 5. b3 Bb7 6. O-O Bd6 7. c4 O-O 8. Bb2 c5 
9. dxc5 bxc5 10. Nbd2 a5 11. Rc1 Nc6 12. Re1 Re8 13. h3 d4 14. exd4 cxd4 
15. Ne4 e5 16. a3 Rb8 17. Nxd6 Qxd6 18. c5 Qc7 19. Nd2 Bc8 20. Nc4 Be6 
21. Nd6 Red8 22. Bb5 Rxb5 23. Nxb5 Qb8 24. a4 Nd5 25. Qf3 Nde7 26. Qg3 Ng6 
27. Rcd1 Rd5 28. h4 Nf4 29. Bc1 Nh5 30. Qf3 Nf6 31. Qg3 Nh5 32. Qd3 Nf6 
33. Bg5 Nd7 34. Qg3 Kh8 35. Bc1 h6 36. f4 Nxc5 37. fxe5 d3 38. Ba3 d2 
39. Re3 Nb4 40. Qf2 Ncd3 41. Qg3 Nc5 42. h5 Qb6 43. Bxb4 axb4 44. Nd6 Nxb3 
45. Kh2 Qd4 46. Re4 Qc3 47. Re3 Qd4 48. Re4 Qc3 49. Re3 Qd4 1/2-1/2

[Event "Tuesday Night Engine Tour 9 rd Swiss 7m+2s Starts at 2200hrs ST"]
[Site "Infinity Chess"]
[Date "2018.4.24"]
[Round "2"]
[White "MarioDeMonti"]
[Black "SkyPilot"]
[Result "1-0"]
[ECO "C55"]
[WhiteElo "2480"]
[BlackElo "2508"]
[WhiteEngine "stockfish_x64_bmi2_2018_02_18_CTG"]
[BlackEngine "stockfish_x64_bmi2_2018_04_07_CTG"]
[EventType "Swiss"]
[WhiteTeam ""]
[BlackTeam ""]
[PlyCount "63"]
[TimeControl "420+2"]

1. e4 e5 2. Nf3 Nc6 3. Bc4 Nf6 4. d3 Bc5 5. c3 d6 6. O-O O-O 7. Bg5 h6 8. Bh4 a5 
9. Nbd2 Ba7 10. Bg3 g5 11. Re1 Nh7 12. h3 g4 13. hxg4 Bxg4 14. Bd5 Ng5 
15. Qc2 Ne7 16. d4 Nxf3+ 17. gxf3 Bd7 18. Kg2 Ng6 19. Rh1 c6 20. Bb3 b5 
21. a4 Qf6 22. Rag1 Kg7 23. Kf1 bxa4 24. Bh4 Qf4 25. Bc4 Rae8 26. Bg3 Qf6 
27. f4 exd4 28. f5 d5 29. Bh4 Qd6 30. Bd3 Rh8 31. fxg6 f6 32. c4 1-0

[Event "Tuesday Night Engine Tour 9 rd Swiss 7m+2s Starts at 2200hrs ST"]
[Site "Infinity Chess"]
[Date "2018.4.24"]
[Round "2"]
[White "firestar"]
[Black "OlivierEvan"]
[Result "1/2-1/2 "]
[ECO "C26"]
[WhiteElo "2464"]
[BlackElo "2433"]
[WhiteEngine "Cryptic Heroes 9.4B"]
[BlackEngine "Houdini 6"]
[EventType "Swiss"]
[WhiteTeam ""]
[BlackTeam ""]
[PlyCount "245"]
[TimeControl "420+2"]

1. e4 e5 2. Nc3 Nf6 3. Nf3 Nc6 4. h3 Bb4 5. Bb5 O-O 6. O-O d6 7. d3 Bxc3 
8. bxc3 Ne7 9. Re1 c6 10. Ba4 Ng6 11. c4 h6 12. Rb1 Re8 13. Be3 Qc7 14. Nd2 Bd7 
15. Bb3 Be6 16. d4 c5 17. d5 Bd7 18. Qf3 Kh7 19. c3 Qd8 20. Bc2 b6 21. a4 Nh4 
22. Qe2 g5 23. g3 Ng6 24. Kh2 Rg8 25. Rg1 Kh8 26. f3 Rb8 27. Ra1 a5 28. Rab1 Nh7 
29. Nf1 h5 30. Bd2 h4 31. g4 Nf4 32. Qd1 Bc8 33. Ra1 Re8 34. Ne3 Nf6 35. Qf1 Ng8 
36. Kh1 Bb7 37. Bb3 Ba6 38. Re1 Nh6 39. Nc2 Re7 40. Na3 Qe8 41. Bc2 f6 
42. Be3 Bc8 43. Bb3 Bd7 44. Nb5 Nf7 45. Na3 Rc8 46. Ra1 Qd8 47. Kh2 Nh6 
48. Ra2 Re8 49. Nb5 Qe7 50. Na3 Rb8 51. Qd1 Rf8 52. Qd2 Rf7 53. Bf2 Kg8 
54. Nc2 Rh7 55. Rb1 Rg7 56. Ne3 Qd8 57. Raa1 Re7 58. Bc2 Bc8 59. Rb2 Bd7 
60. Rab1 Kh7 61. Bb3 Rb7 62. Rh1 Qb8 63. Bc2 Qd8 64. Rd1 Rb8 65. Rg1 Qh8 
66. Qe1 Qg8 67. Qa1 Ne2 68. Rgb1 Qd8 69. Rb3 Nf4 70. Rc1 Be8 71. Rf1 Qd7 
72. Rbb1 Kg7 73. Qa3 Qc8 74. Qc1 Kg8 75. Qd2 Bd7 76. Rg1 Qe8 77. Rge1 Rb7 
78. Qd1 Qd8 79. Bb3 Qe8 80. Rc1 Kg7 81. Rb1 Nf7 82. Nf5+ Bxf5 83. gxf5 Nh6 
84. Be3 Kh8 85. Qd2 Qh5 86. Bd1 Kh7 87. Rb5 Qf7 88. Bc2 Qe8 89. Reb1 Qd8 
90. Qe1 Rb8 91. Qf1 Ra7 92. R5b2 Nf7 93. Rb5 Nh6 94. R1b2 Nf7 95. R2b3 Kg8 
96. Rb1 Ra6 97. R1b3 Ra7 98. Bd2 Qc7 99. Bc1 Kf8 100. Be3 Ra6 101. Rb2 Qd7 
102. Rb1 Kg7 103. Kh1 Qb7 104. Kg1 Kh8 105. Kf2 Kg7 106. Ke1 Rc8 107. Kd2 Qb8 
108. Kc1 Rc7 109. Kb2 Ra8 110. Bd2 Rb7 111. Qh1 Qf8 112. Qh2 Rab8 113. Be3 Kh6 
114. Ka1 Qd8 115. Qf2 Re7 116. Qf1 Kg7 117. Kb2 Nh5 118. Kc1 Kh7 119. Kd1 Nf4 
120. Ke1 Re8 121. R1b2 Rh8 122. Kd2 Kg7 123. Bd3 1/2-1/2

[Event "Tuesday Night Engine Tour 9 rd Swiss 7m+2s Starts at 2200hrs ST"]
[Site "Infinity Chess"]
[Date "2018.4.24"]
[Round "2"]
[White "blindfoldchess"]
[Black "juggernaut"]
[Result "1/2-1/2"]
[ECO "C26"]
[WhiteElo "2483"]
[BlackElo "2488"]
[WhiteEngine "Cryptic Heroes 9.4B"]
[BlackEngine "Cryptic Heroes 9.4B"]
[EventType "Swiss"]
[WhiteTeam ""]
[BlackTeam ""]
[PlyCount "96"]
[TimeControl "420+2"]

1. e4 e5 2. Nc3 Nf6 3. Nf3 Nc6 4. h3 Bb4 5. Bb5 Bxc3 6. dxc3 d6 7. Qe2 a6 
8. Bd3 Be6 9. a3 O-O 10. Bg5 Nb8 11. Nh2 h6 12. Bh4 Nbd7 13. Ng4 Re8 
14. O-O-O Qe7 15. Nxf6+ Nxf6 16. g4 b5 17. f3 Bd7 18. b3 Rab8 19. Kb2 a5 
20. Qe1 Qe6 21. Qd2 a4 22. Bf2 axb3 23. cxb3 Nh7 24. h4 Nf8 25. Be3 Qe7 
26. Rhg1 Red8 27. Ra1 Be6 28. Bc2 Ra8 29. Rgf1 Qd7 30. f4 Bxg4 31. h5 exf4 
32. Bxf4 Qe6 33. Qh2 d5 34. Bxc7 Rd7 35. Rfe1 Bf3 36. exd5 Qxd5 37. Bf4 Ne6 
38. Rg1 f5 39. Bxh6 Rc8 40. Rac1 Rxc3 41. Bxg7 Rxg7 42. Rxg7+ Kxg7 43. Qg1+ Kf6 
44. Kxc3 Qe5+ 45. Kd2 Qe2+ 46. Kc3 Qe5+ 47. Kd2 Qe2+ 48. Kc3 Qe5+ 1/2-1/2

[Event "Tuesday Night Engine Tour 9 rd Swiss 7m+2s Starts at 2200hrs ST"]
[Site "Infinity Chess"]
[Date "2018.4.24"]
[Round "2"]
[White "quicksilver"]
[Black "ironchess"]
[Result "1/2-1/2"]
[ECO "D30"]
[WhiteElo "2498"]
[BlackElo "2505"]
[WhiteEngine "Cryptic Heroes 9.4B"]
[BlackEngine "Cryptic Heroes 9.4B"]
[EventType "Swiss"]
[WhiteTeam ""]
[BlackTeam ""]
[PlyCount "109"]
[TimeControl "420+2"]

1. d4 d5 2. c4 e6 3. Nf3 Be7 4. Nc3 Nf6 5. Bf4 O-O 6. e3 Nbd7 7. c5 Nh5 
8. Bd3 b6 9. b4 Nxf4 10. exf4 a5 11. a3 c6 12. g3 Ba6 13. O-O Bc4 14. Qc2 Bxd3 
15. Qxd3 Ra7 16. Rfb1 Qc7 17. Kg2 Rfa8 18. Qd1 Qd8 19. Rc1 Bf6 20. Rab1 axb4 
21. axb4 g6 22. h4 h5 23. Ne5 Nxe5 24. fxe5 Be7 25. Ne2 Bf8 26. Rc2 b5 
27. Qd2 Be7 28. Rc3 Qf8 29. Ng1 Ra4 30. Qc1 Qg7 31. Nh3 R4a7 32. Rf3 Qf8 
33. Qe3 Qg7 34. Qf4 Ra3 35. Rbb3 Ra1 36. Ng5 Bxg5 37. Qxg5 R8a7 38. Rbe3 Ra8 
39. Rb3 R8a7 40. g4 hxg4 41. Rf4 Rd1 42. Rxg4 Raa1 43. Rbg3 Rg1+ 44. Kf3 Rh1 
45. h5 Rh2 46. hxg6 Ra3+ 47. Ke2 Ra2+ 48. Kd1 Ra1+ 49. Ke2 Ra2+ 50. Kd1 f6 
51. exf6 Ra1+ 52. Ke2 Ra2+ 53. Kd1 Ra1+ 54. Ke2 Ra2+ 55. Kd1 1/2-1/2

[Event "Tuesday Night Engine Tour 9 rd Swiss 7m+2s Starts at 2200hrs ST"]
[Site "Infinity Chess"]
[Date "2018.4.24"]
[Round "2"]
[White "draxlord"]
[Black "mcstar"]
[Result "1/2-1/2 "]
[ECO "B23"]
[WhiteElo "2509"]
[BlackElo "2520"]
[WhiteEngine "Cryptic Heroes 9.4B"]
[BlackEngine "Cryptic Heroes 9.4B"]
[EventType "Swiss"]
[WhiteTeam ""]
[BlackTeam ""]
[PlyCount "270"]
[TimeControl "420+2"]

1. e4 c5 2. Nc3 d6 3. Nf3 Nf6 4. d4 cxd4 5. Nxd4 a6 6. Be3 e5 7. Nb3 Be7 
8. f3 Be6 9. Nd5 Nxd5 10. exd5 Bf5 11. Be2 O-O 12. O-O Bg6 13. Qd2 Qc7 
14. Rac1 a5 15. a4 Nd7 16. Bb5 f5 17. c4 f4 18. Bf2 Bf5 19. Rfe1 b6 20. Nd4 Nc5 
21. Nxf5 Rxf5 22. b4 axb4 23. Qxb4 Rff8 24. Bc6 Ra7 25. Rc3 Qd8 26. Bxc5 bxc5 
27. Qb1 Qa5 28. Rb3 Bd8 29. Rf1 g6 30. Qa2 Qc7 31. Rfb1 e4 32. fxe4 Qe7 
33. Re1 Qg5 34. Rf3 Bf6 35. Kh1 Qh6 36. Qe2 Be5 37. Rd3 f3 38. gxf3 Rf4 
39. Rg1 Raf7 40. Rg3 Rh4 41. Rg2 Kh8 42. a5 Ra7 43. Qd2 Rxa5 44. Qxh6 Ra1+ 
45. Rg1 Rxg1+ 46. Kxg1 Bxh2+ 47. Kg2 Rxh6 48. Rd1 Bf4 49. Rh1 Rxh1 50. Kxh1 Kg7 
51. Bd7 Kf6 52. Be6 Ke5 53. Bd7 g5 54. Be8 Bg3 55. Kg1 Kd4 56. Kg2 Bf4 
57. Bb5 Be5 58. Kh3 h5 59. Kg2 Kd3 60. Kh3 Bd4 61. Kg3 Ke3 62. Kg2 Bf6 
63. Kg3 Ke2 64. Kg2 Ke3 65. Ba6 Bd4 66. Bb5 Be5 67. Ba6 Kd4 68. Bb5 Kc3 
69. Kg1 Kc2 70. Kg2 Kc3 71. Ba6 Kb4 72. Bb5 Kb3 73. Kg1 Ka3 74. Kf1 Kb2 
75. Kg2 Bd4 76. Kf1 Kc2 77. Kg2 Kc3 78. Kf1 Kb2 79. Kg2 Kc3 80. Kf1 Be3 
81. Kg2 Bc1 82. Kh3 Kd4 83. Kg2 Bd2 84. Kg3 Bf4+ 85. Kf2 Kd3 86. Kg2 Be5 
87. Kf1 Bf4 88. Kg2 g4 89. fxg4 hxg4 90. Bd7 Kxe4 91. Bxg4 Kd3 92. Kf2 Kxc4 
93. Bf3 Kd4 94. Ke2 c4 95. Kd1 Kd3 96. Bg4 Kc3 97. Bf3 Kd3 98. Be2+ Kc3 
99. Bh5 Kb2 100. Be2 Kc3 101. Bg4 Be3 102. Ke2 Bb6 103. Bd7 Bg1 104. Bh3 Bd4 
105. Bd7 Bg1 106. Bf5 Bc5 107. Bg4 Kb3 108. Bf5 Ba7 109. Bb1 Bd4 110. Bf5 Bc3 
111. Ke3 Bf6 112. Kd2 Bc3+ 113. Kc1 Bg7 114. Bg4 Bb2+ 115. Kb1 Bf6 116. Bd1+ Kc3 
117. Be2 Bd4 118. Bf1 Kb3 119. Be2 Be3 120. Bd1+ Kc3 121. Be2 Bd4 122. Kc1 Bg7 
123. Kb1 Bh8 124. Bf1 Kb3 125. Be2 c3 126. Bd1+ Kc4 127. Kc2 Bf6 128. Bg4 Be5 
129. Bd1 Kd4 130. Be2 Ke4 131. Bd3+ Ke3 132. Bf5 Bd4 133. Bh7 Bf6 134. Bf5 Be5 
135. Bd7 Bd4 1/2-1/2

[Event "Tuesday Night Engine Tour 9 rd Swiss 7m+2s Starts at 2200hrs ST"]
[Site "Infinity Chess"]
[Date "2018.4.24"]
[Round "2"]
[White "Dovahkiin"]
[Black "stormbreaker990"]
[Result "1/2-1/2"]
[ECO "B63"]
[WhiteElo "2456"]
[BlackElo "2547"]
[WhiteEngine "BrainFish_180423_x64_modern_CTG"]
[BlackEngine "Cryptic Heroes 9.4B"]
[EventType "Swiss"]
[WhiteTeam ""]
[BlackTeam ""]
[PlyCount "135"]
[TimeControl "420+2"]

1. e4 c5 2. Nf3 d6 3. d4 cxd4 4. Nxd4 Nf6 5. Nc3 Nc6 6. Bg5 e6 7. Qd2 Be7 
8. O-O-O O-O 9. f4 Nxd4 10. Qxd4 h6 11. Bh4 Qa5 12. Bc4 e5 13. fxe5 dxe5 
14. Qd3 Bg4 15. Rdf1 Be6 16. Bxf6 Bxf6 17. Kb1 Qc5 18. Bb3 a5 19. h4 Be7 
20. Qe2 Qc8 21. Bxe6 fxe6 22. Rxf8+ Qxf8 23. g4 Qf7 24. a3 Rf8 25. Qc4 b6 
26. g5 hxg5 27. hxg5 Bxg5 28. Na4 Bd8 29. Qb3 Qe8 30. Nxb6 Qc6 31. Nc4 Qxe4 
32. Rd1 Bc7 33. Qb5 Rd8 34. Rxd8+ Bxd8 35. Qe8+ Kh7 36. Qxe6 Bf6 37. Qh3+ Kg8 
38. Qc8+ Kh7 39. Qh3+ Kg8 40. Qb3 Kh7 41. Nd6 Qd4 42. Qh3+ Kg8 43. Qc8+ Kh7 
44. Qh3+ Kg8 45. Qe6+ Kh7 46. c4 Bg5 47. Kc2 a4 48. Qf5+ Kg8 49. Qf7+ Kh7 
50. Qh5+ Kg8 51. Qe8+ Kh7 52. Qh5+ Kg8 53. Qf7+ Kh7 54. Qd5 Qxd5 55. cxd5 Kg6 
56. b3 axb3+ 57. Kxb3 Be7 58. Nb7 Kf5 59. d6 Bf6 60. d7 g5 61. Kc4 g4 62. Kd3 g3 
63. Ke3 Ke6 64. d8=Q Bxd8 65. Nxd8+ Kd6 66. a4 g2 67. Kf2 g1=Q+ 68. Kxg1 1/2-1/2

[Event "Tuesday Night Engine Tour 9 rd Swiss 7m+2s Starts at 2200hrs ST"]
[Site "Infinity Chess"]
[Date "2018.4.24"]
[Round "2"]
[White "star99"]
[Black "TasicV"]
[Result "1/2-1/2"]
[ECO "C65"]
[WhiteElo "2461"]
[BlackElo "2480"]
[WhiteEngine "Cryptic Heroes 9.4B"]
[BlackEngine "stockfish_18041408_x64_modern_CTG"]
[EventType "Swiss"]
[WhiteTeam ""]
[BlackTeam ""]
[PlyCount "120"]
[TimeControl "420+2"]

1. e4 e5 2. Nf3 Nc6 3. Bb5 Nf6 4. O-O Nxe4 5. Re1 Nd6 6. Nxe5 Be7 7. Bf1 Nxe5 
8. Rxe5 O-O 9. d4 Bf6 10. Re1 Re8 11. c3 Rxe1 12. Qxe1 Ne8 13. Bf4 d5 
14. Nd2 Bf5 15. h3 c6 16. Qe3 a5 17. Re1 Nd6 18. g4 Bg6 19. a4 Bc2 20. Bd3 Bxd3 
21. Qxd3 Bg5 22. Bh2 Qf6 23. Be5 Qh6 24. Nf3 Ne4 25. Nxg5 Qxg5 26. Re2 Qh4 
27. Kg2 Rf8 28. Bg3 Qh6 29. h4 f5 30. g5 Qg6 31. Bf4 h6 32. Qe3 Re8 33. f3 Nf6 
34. Qd2 Rxe2+ 35. Qxe2 hxg5 36. hxg5 Nh5 37. Qe3 Nxf4+ 38. Qxf4 Qe6 39. Kf2 Kf7 
40. b3 Kg6 41. Qc7 f4 42. Qxf4 Qf5 43. Qe3 Qxg5 44. Qe6+ Kh7 45. Ke2 Qg2+ 
46. Ke3 Qc2 47. Qh3+ Kg6 48. Qe6+ Kh7 49. Qh3+ Kg6 50. Qg3+ Kf7 51. Qc7+ Kf6 
52. Qxa5 Qxb3 53. Kf4 Ke6 54. Qb4 Qd1 55. Qxb7 Qc1+ 56. Kg3 Qg1+ 57. Kh4 Qh1+ 
58. Kg3 Qg1+ 59. Kh4 Qh1+ 60. Kg3 Qg1+ 1/2-1/2